 Dungeon Crawl Stone Soup version 0.26.0-9-gab577f9fc5 (webtiles) character file.

Game seed: 9591140013332297164

484280 Marvel the Axe Maniac (level 24, -9/247 HPs)
             Began as a Hill Orc Fighter on Jan 12, 2021.
             Was the Champion of Okawaru.
             Mangled by a jiangshi (11 damage)
             ... summoned by Khufu
             ... on level 2 of the Crypt on Jan 13, 2021.
             The game lasted 03:12:05 (43570 turns).

Marvel the Axe Maniac (Hill Orc Fighter)           Turns: 43570, Time: 03:12:06

Health: -9/247     AC: 41    Str: 46    XL:     24   Next: 92%
Magic:  27/27      EV:  4    Int: 12    God:    Okawaru [******]
Gold:   4795       SH: 37    Dex: 17    Spells: 23/23 levels left

rFire    . . .     SeeInvis +   W - +8 war axe "Bung" {distort, *Corrode Str+3 Dex+4}
rCold    + + +     Faith    .   Y - +18 shield of the Gong {rElec rN+ Will+ EV-5}
rNeg     + + .     Spirit   .   A - +19 crystal plate armour "Xemaicyl" {rF- rC+ Str+3 Dex+3}
rPois    +         Reflect  .   b - +0 hat "Yfroif" {rPois rC+ Int-2}
rElec    +         Harm     .   T - +2 cloak
rCorr    .         Rampage  .   O - +1 pair of gloves {Str+3}
Will     ++...                  e - +1 pair of boots {Fly}
Stlth    ..........             E - amulet of regeneration
HPRegen  0.91/turn              f - ring "Fyachey" {rC+ Int+6 Slay+2}
MPRegen  0.20/turn              h - ring of Fetti {rN+ Str+7}

@: corroded, berserk cooldown, flying, slowed, very slow
A: see invisible, fire resistance 1, low mp 1
}: 2/15 runes: serpentine, silver
a: Stop Flying, Renounce Religion, Heroism, Finesse


You were on level 2 of the Crypt.
You worshipped Okawaru.
Okawaru was exalted by your worship.
You visited 8 branches of the dungeon, and saw 35 of its levels.
You visited the Abyss 1 time.

You collected 6638 gold pieces.
You spent 1843 gold pieces at shops.

Inventory:

Hand Weapons
 x - a +9 broad axe of flaming
 W - the +8 war axe "Bung" (weapon) {distort, *Corrode Str+3 Dex+4}
   (Okawaru gifted it to you on level 2 of the Crypt)

   It warps and distorts space around it.
   Unwielding it can cause banishment or high damage.
   It affects your strength (+3).
   It affects your dexterity (+4).
   It may corrode you when you take damage.
Missiles
 P - 75 boomerangs (quivered)
Armour
 b - the +0 hat "Yfroif" (worn) {rPois rC+ Int-2}
   (Okawaru gifted it to you on level 11 of the Dungeon)

   It affects your intelligence (-2).
   It protects you from cold.
   It protects you from poison.
 e - a +1 pair of boots of flying (worn)
 A - the +19 crystal plate armour "Xemaicyl" (worn) {rF- rC+ Str+3 Dex+3}
   (Okawaru gifted it to you on level 1 of the Orcish Mines)

   It affects your strength (+3).
   It affects your dexterity (+3).
   It makes you vulnerable to fire.
   It protects you from cold.
 O - a +1 pair of gloves of strength (worn)
 T - a +2 cloak (worn)
 Y - the +18 shield of the Gong (worn) {rElec rN+ Will+ EV-5}
   (You found it on level 13 of the Dungeon)

   It affects your evasion (-5).
   It insulates you from electricity.
   It protects you from negative energy.
   It affects your willpower, your defense against some magical effects.
Jewellery
 f - the ring "Fyachey" (left hand) {rC+ Int+6 Slay+2}
   (You found it on level 14 of the Dungeon)

   [ring of intelligence]

   It affects your intelligence (+6).
   It affects your accuracy and damage with ranged weapons and melee attacks
   (+2).
   It protects you from cold.
 h - the ring of Fetti (right hand) {rN+ Str+7}
   (You acquired it on level 1 of the Vaults)

   [ring of positive energy]

   It affects your strength (+7).
   It protects you from negative energy.
 s - an uncursed amulet of guardian spirit
 t - an uncursed ring of fire
 v - an uncursed ring of resist corrosion
 y - an uncursed amulet of faith
 E - an amulet of regeneration (around neck)
 F - a +6 ring of intelligence
 H - an uncursed amulet of reflection
 S - an uncursed ring of stealth
Wands
 q - a wand of disintegration (36)
 B - a wand of random effects (23)
 K - a wand of digging (2)
 L - a wand of polymorph (10)
 R - a wand of acid (17)
 V - a wand of paralysis (30)
Scrolls
 i - 20 scrolls of identify
 j - 7 scrolls of fog
 m - 13 scrolls of teleportation
 o - 2 scrolls of enchant weapon
 r - 6 scrolls of fear
 u - 11 scrolls of magic mapping
 C - a scroll of summoning
 D - 9 scrolls of remove curse
 G - 2 scrolls of holy word
 I - 2 scrolls of blinking
Potions
 a - 3 potions of brilliance
 c - 2 potions of invisibility
 d - 5 potions of magic
 l - 3 potions of curing
 n - 7 potions of might
 p - 8 potions of haste
 w - 5 potions of heal wounds
 z - 3 potions of cancellation
 U - a potion of berserk rage
Miscellaneous
 g - a lightning rod (4/4)
 J - a tin of tremorstones (2/2)
 N - a lightning rod (4/4)
 Q - a phial of floods


   Skills:
 + Level 26.6 Fighting
 O Level 27 Axes
 + Level 1.9 Throwing
 + Level 12.7 Armour
 - Level 2.2 Dodging
 - Level 1.3 Stealth
 + Level 21.2 Shields
 + Level 9.7 Invocations
 + Level 5.7 Evocations


You had 23 spell levels left.
You didn't know any spells.
Your spell library contained the following spells:

 Spells                   Type           Power        Failure   Level
 Beastly Appendage        Tmut           0%           94%         1
 Foxfire                  Conj/Fire      0%           94%         1
 Magic Dart               Conj           0%           94%         1
 Pain                     Necr           0%           94%         1
 Shock                    Conj/Air       0%           94%         1
 Sting                    Tmut/Pois      0%           94%         1
 Blink                    Tloc           N/A          98%         2
 Call Imp                 Summ           0%           98%         2
 Corpse Rot               Necr/Air       N/A          98%         2
 Passwall                 Tmut/Erth      0%           98%         2
 Poisonous Vapours        Pois/Air       0%           98%         2
 Slow                     Hex            0%           98%         2
 Sublimation of Blood     Necr           0%           98%         2
 Swiftness                Air            0%           98%         2
 Wereblood                Tmut           0%           98%         2
 Confusing Touch          Hex            0%           100%        3
 Conjure Flame            Conj/Fire      0%           100%        3
 Dazzling Flash           Conj/Hex       0%           100%        3
 Gell's Gravitas          Tloc           0%           100%        3
 Ignite Poison            Fire/Tmut/Pois 0%           100%        3
 Inner Flame              Hex/Fire       0%           100%        3
 Lesser Beckoning         Tloc           0%           100%        3
 Mephitic Cloud           Conj/Pois/Air  0%           100%        3
 Spider Form              Tmut/Pois      0%           100%        3
 Static Discharge         Conj/Air       0%           100%        3
 Stone Arrow              Conj/Erth      0%           100%        3
 Teleport Other           Tloc           0%           100%        3
 Vampiric Draining        Necr           0%           100%        3
 Airstrike                Air            0%           100%        4
 Cause Fear               Hex            0%           100%        4
 Dispel Undead            Necr           0%           100%        4
 Ice Form                 Ice/Tmut       0%           100%        4
 Leda's Liquefaction      Hex/Erth       0%           100%        4
 Olgreb's Toxic Radiance  Pois           0%           100%        4
 Passage of Golubria      Tloc           N/A          100%        4
 Petrify                  Tmut/Erth      0%           100%        4
 Summon Lightning Spire   Summ/Air       0%           100%        4
 Agony                    Necr           0%           100%        5
 Alistair's Intoxication  Tmut/Pois      0%           100%        5
 Blade Hands              Tmut           0%           100%        5
 Bolt of Magma            Conj/Fire/Erth 0%           100%        5
 Excruciating Wounds      Necr           0%           100%        5
 Fireball                 Conj/Fire      0%           100%        5
 Irradiate                Conj/Tmut      0%           100%        5
 Iskenderun's Battlesphe  Conj           0%           100%        5
 Lee's Rapid Deconstruct  Erth           0%           100%        5
 Lightning Bolt           Conj/Air       0%           100%        5
 Metabolic Englaciation   Hex/Ice        0%           100%        5
 Silence                  Hex/Air        0%           100%        5
 Summon Demon             Summ           0%           100%        5
 Summon Forest            Summ/Tloc      0%           100%        5
 Summon Mana Viper        Hex/Summ       0%           100%        5
 Yara's Violent Unravell  Hex/Tmut       0%           100%        5
 Eringya's Noxious Bog    Tmut/Pois      0%           100%        6
 Freezing Cloud           Conj/Ice/Air   0%           100%        6
 Hydra Form               Tmut           0%           100%        6
 Invisibility             Hex            0%           100%        6
 Iron Shot                Conj/Erth      0%           100%        6
 Ozocubu's Refrigeration  Ice            0%           100%        6
 Shadow Creatures         Summ           N/A          100%        6
 Simulacrum               Ice/Necr       0%           100%        6
 Starburst                Conj/Fire      0%           100%        6
 Statue Form              Tmut/Erth      0%           100%        6
 Dragon Form              Tmut           0%           100%        7
 Orb of Destruction       Conj           0%           100%        7
 Spellforged Servitor     Conj/Summ      0%           100%        7
 Summon Hydra             Summ           0%           100%        7
 Discord                  Hex            0%           100%        8
 Ignition                 Fire           0%           100%        8
 Dragon's Call            Summ           0%           100%        9
 Shatter                  Erth           0%           100%        9
 Tornado                  Air            0%           100%        9


Dungeon Overview and Level Annotations

Branches:
Dungeon (15/15)            Temple (1/1) D:6            Lair (3/6) D:11
  Snake (4/4) Lair:2          Orc (2/2) D:11            Elf (3/3) Orc:2
 Vaults (5/5) D:13          Crypt (2/3) Vaults:3     Depths (0/5) D:15
  Swamp: Lair:2-4    Shoals: Lair:2-4

Altars:
Ashenzari
Cheibriados
Dithmenos
Elyvilon
Fedhas
Gozag
Hepliaklqana
Kikubaaqudgha
Makhleb
Nemelex Xobeh
Okawaru
Qazlal
Ru
Sif Muna
Trog
Uskayaw
Vehumet
Wu Jian
Yredelemnul
Zin
The Shining One

Shops:
D:11 ([=?   D:15 *   Orc:2 *(!:   Elf:1 [   Elf:2 [   Snake:4 }   Vaults:4 *
Vaults:5 }

Portals:
Abyss: Lair:3
Pandemonium: Orc:2

Annotations:
D:7 2 transporters, DerHolg's ghost, novice MiBe
D:13 4 runed translucent doors
Lair:3 2 transporters, passata's ghost, journeyman DECj
Vaults:2 2 transporters, exclusion: orange crystal statue
Crypt:2 Khufu


Innate Abilities, Weirdness & Mutations

You have supernaturally acute eyesight. (SInv)
Your flesh is heat resistant. (rF+)
Your magical capacity is low. (-10% MP)


Message History

You hit the emperor scorpion but do no damage.
The emperor scorpion is devoured by a tear in reality.
You are no longer berserk.
You are exhausted.
You feel as though you will be slow longer.
You block the jiangshi's attack.
GONNNNG!
You block the jiangshi's attack.
GONNNNG!
Khufu hits you with a +0 scimitar.
* * * LOW HITPOINT WARNING * * *
You block the jiangshi's attack.
GONNNNG!
The jiangshi claws you.
* * * LOW HITPOINT WARNING * * *
Found a ring of stealth.
You slice Khufu!!
Khufu is almost destroyed.
You barely miss the jiangshi.
Khufu blinks!
The jiangshi claws you!
You die...

#M...<.##
#M...### #..))#
###.## #)# #M#
#.# .#
.######)####...##
......)).@§W....=
.######.##Vsz.M..
#.# ####^.. #.# .
#.# #.# #.# #.#


You could see Khufu, an emperor scorpion (summoned), a jiangshi (summoned), a
shadow wraith (summoned, invisible) and a wight (summoned).

Vanquished Creatures
  Mara (Snake:3)
  An ancient lich (Vaults:5)
  2 royal mummies (Crypt:2)
  Sojobo (Vaults:2)
  Margery (Vaults:2)
  Saint Roka (Crypt:2)
  The ghost of Romeicir the Executioner, a veteran FoFi of Dithmenos (Crypt:1)
  3 golden dragons (Vaults:5)
  A tentacled monstrosity (Vaults:5)
  Jorgrun (D:14)
  2 liches (Vaults:5)
  Asterion (Elf:2)
  A quicksilver dragon (Vaults:5)
  2 deep elf blademasters (Elf:3)
  2 deep elf master archers (Elf:3)
  Frances (Elf:1)
  5 titans (Vaults:5)
  4 large abominations
  2 sphinxes (Vaults:5)
  3 tengu reavers
  An ancient champion (Crypt:1)
  A storm dragon (Vaults:5)
  3 shadow dragons
  Donald (Orc:2)
  A revenant (Crypt:2)
  11 nagarajas
  6 frost giants
  13 vault wardens
  5 fire giants
  Aizul (Snake:3)
  2 deep elf elementalists
  An orc warlord (Vaults:5)
  9 deep elf sorcerers
  A curse skull (Crypt:2)
  A reaper (Crypt:2)
  5 ghouls
  3 war gargoyles
  11 ironheart preservers
  Azrael (Elf:2)
  8 very ugly things
  3 stone giants
  4 vampire knights
  13 deep elf demonologists
  4 entropy weavers
  9 deep elf annihilators
  A dire elephant (D:15)
  9 ettins
  A crystal guardian (Vaults:4)
  5 jiangshi
  2 fire dragons
  8 deep elf death magi
  11 ogre magi
  12 yaktaur captains
  2 deep elf high priests (Elf:3)
  32 vault guards
  A rakshasa (Vaults:2)
  A great orb of eyes (Vaults:5)
  5 boulder beetles
  6 hydras
  An ice dragon (Vaults:2)
  8 centaur warriors
  11 naga warriors
  3 death knights
  39 two-headed ogres
  16 anacondas
  3 death yaks (D:11)
  33 dancing weapons
  2 vampire magi
  3 tengu warriors
  5 thrashing horrors (Abyss:5)
  8 orc high priests (Orc:2)
  2 deep troll earth magi
  Urug (D:13)
  12 naga sharpshooters
  8 shock serpents
  18 deep elf knights
  4 hell knights
  An iron troll (shapeshifter) (Vaults:5)
  2 small abominations
  4 soul eaters
  12 skeletal warriors
  A wretched star (Abyss:5)
  A ghost moth zombie (Crypt:1)
  2 infernal demonspawn (Orc:2)
  An unseen horror (D:15)
  A glowing orange brain (Vaults:3)
  2 shadow wraiths
  A glowing orange brain (shapeshifter) (Vaults:5)
  11 naga ritualists
  4 deep trolls
  11 ironbrand convokers
  A bog body (Crypt:1)
  A lindwurm (shapeshifter) (D:13)
  4 phantasmal warriors
  2 flayed ghosts
  An orange crystal statue (Elf:2)
  8 harpies
  5 necromancers
  17 mana vipers
  17 deep elf archers
  7 wolf spiders
  13 orc knights
  10 orc sorcerers
  74 deep elf magi
  33 ugly things
  6 cyclopes
  A moth of wrath (shapeshifter) (Elf:3)
  2 iron dragon skeletons
  6 salamanders
  2 manticores
  A worldbinder (Abyss:5)
  13 naga magi
  A guardian serpent (shapeshifter) (Vaults:3)
  2 frost giant skeletons
  A sphinx skeleton (Crypt:1)
  9 guardian serpents
  2 centaur zombies
  4 centaur skeletons
  16 vault sentinels
  48 black mambas
  3 orange demons
  A water nymph (shapeshifter) (D:14)
  3 cane toads
  2 hellions
  A rime drake (Lair:3)
  A sea snake zombie (Crypt:1)
  4 komodo dragons
  2 efreet
  17 yaktaurs
  5 freezing wraiths
  A white draconian skeleton (Crypt:1)
  A green draconian skeleton (Crypt:2)
  A hellwing (Orc:2)
  A shadow dragon simulacrum (Crypt:1)
  A harpy zombie (Crypt:1)
  A red devil (Crypt:1)
  3 meliai (D:15)
  A polar bear (shapeshifter) (Vaults:1)
  2 ancient zymes (Abyss:5)
  10 trolls
  A yaktaur skeleton (Vaults:4)
  18 slime creatures
  A meliai (shapeshifter) (D:15)
  8 hornets
  A raiju (shapeshifter) (Vaults:1)
  6 blink frogs (Lair:3)
  A blink frog (shapeshifter) (D:14)
  A slime creature (shapeshifter) (Vaults:5)
  A stone giant simulacrum (Crypt:1)
  A meliai zombie (D:10)
  An ettin zombie (Crypt:1)
  A satyr skeleton (Crypt:2)
  6 water elementals
  4 wraiths
  2 shadows
  4 wyverns
  3 vampires
  10 yaks
  5 flying skulls (Crypt:1)
  2 redbacks (Vaults:4)
  2 ynoxinuls
  An ettin skeleton (Crypt:1)
  A tarantella (Vaults:4)
  A wyvern (shapeshifter) (Vaults:4)
  3 basilisks
  16 humans (D:13)
  A chaos spawn (Orc:2)
  5 fire elementals (Elf:2)
  2 steam dragons (D:6)
  2 vampire mosquitoes (D:15)
  4 wargs
  An ogre zombie (Vaults:1)
  4 acid dragons
  2 human zombies
  47 nagas
  A soldier ant (D:11)
  A hydra simulacrum (Abyss:5)
  2 acid dragons (shapeshifter)
  8 water moccasins
  A hell hound (Elf:2)
  Duvessa (D:4)
  A black bear (D:7)
  4 ice beasts
  3 sky beasts
  55 orc warriors
  4 phantoms
  3 necrophages
  13 wolves
  3 centaurs
  An eye of draining (shapeshifter) (Vaults:3)
  25 ogres
  A hog zombie (Crypt:2)
  A big kobold (shapeshifter) (Vaults:2)
  A big kobold (D:11)
  13 bullfrogs
  A wyvern zombie (Crypt:2)
  4 earth elementals
  Dowan (D:4)
  4 scorpions
  A water moccasin skeleton (Crypt:2)
  14 killer bees
  23 wights
  9 howler monkeys
  A warg skeleton (Crypt:1)
  An electric eel (Lair:2)
  A polar bear skeleton (Crypt:2)
  6 jellies
  A bullfrog zombie (D:11)
  2 quasits (D:7)
  A wolf skeleton (Crypt:1)
  A human simulacrum (Vaults:2)
  38 orc priests
  7 hounds
  3 bullfrog skeletons
  3 iguanas
  An iron imp (Crypt:1)
  25 orc wizards
  A human skeleton (Crypt:2)
  14 worker ants
  A naga zombie (Crypt:1)
  A hound skeleton (D:4)
  A howler monkey zombie (D:9)
  Robin (D:4)
  A howler monkey skeleton (D:11)
  7 adders
  4 gnolls
  A river rat (D:11)
  2 white imps
  An ooze (shapeshifter) (Vaults:2)
  2 oozes
  An adder zombie (D:10)
  2 worms
  2 dart slugs
  6 leopard geckos
  99 orcs
  3 ball pythons
  7 bats
  6 giant cockroaches
  20 goblins
  6 hobgoblins
  7 jackals
  9 quokkas
  A ball python skeleton (D:4)
  9 frilled lizards
  A frilled lizard skeleton (Crypt:1)
  13 kobolds
  A quokka skeleton (D:5)
  11 rats
  A butterfly (Lair:2)
  2 crawling corpses (Vaults:5)
1552 creatures vanquished.

Vanquished Creatures (others)
  An ironheart preserver (Vaults:5)
  A deep elf high priest (Elf:3)
  2 deep elf knights (Elf:2)
  An unseen horror (D:15)
  A large abomination (Abyss:5)
  A hell hound (Elf:2)
  5 iron imps (Crypt:1)
  An orc (D:15)
  8 ball lightnings (Elf:3)
  9 fungi
  3 plants
  4 starspawn tentacles (Abyss:5)
37 creatures vanquished.

Grand Total: 1589 creatures vanquished

Notes
Turn   | Place    | Note
-------+----------+-------------------------------------------
     0 | D:1      | Marvel the Hill Orc Fighter began the quest for the Orb.
     0 | D:1      | Reached XP level 1. HP: 19/19 MP: 1/1
   218 | D:1      | Reached XP level 2. HP: 27/27 MP: 2/2
   438 | D:1      | Reached skill level 3 in Axes
   530 | D:1      | Reached XP level 3. HP: 33/33 MP: 3/3
  1377 | D:2      | Found a bloodstained altar of Trog.
  1789 | D:2      | Reached XP level 4. HP: 28/39 MP: 4/4
  2213 | D:3      | Reached skill level 4 in Axes
  2516 | D:3      | Reached XP level 5. HP: 17/46 MP: 5/5
  2726 | D:3      | Found a sacrificial altar of Ru.
  3029 | D:4      | Noticed Dowan
  3030 | D:4      | Noticed Duvessa
  3151 | D:4      | Gained mutation: You have supernaturally acute eyesight.
                  | (SInv) [potion of mutation]
  3151 | D:4      | Gained mutation: Your magical capacity is low. (-10% MP)
                  | [potion of mutation]
  3151 | D:4      | Gained mutation: Your flesh is heat resistant. (rF+)
                  | [potion of mutation]
  3157 | D:4      | Reached skill level 5 in Axes
  3157 | D:4      | Reached XP level 6. HP: 13/52 MP: 5/5
  3161 | D:4      | Reached skill level 1 in Stealth
  3177 | D:4      | Reached skill level 5 in Shields
  3432 | D:4      | Killed Duvessa
  3433 | D:4      | Reached skill level 1 in Dodging
  3486 | D:4      | Killed Dowan
  3487 | D:4      | Reached skill level 6 in Axes
  3487 | D:4      | Reached XP level 7. HP: 9/60 MP: 6/6
  3896 | D:4      | Found a white marble altar of Elyvilon.
  4259 | D:4      | Noticed Robin
  4299 | D:4      | Killed Robin
  4341 | D:4      | Upgraded the game from 0.26.0-8-g74fc34ddfb to
                  | 0.26.0-9-gab577f9fc5
  4569 | D:5      | Entered Level 5 of the Dungeon
  4719 | D:5      | Reached skill level 5 in Fighting
  5561 | D:6      | Found a staircase to the Ecumenical Temple.
  5621 | D:6      | Found a broken altar of Ashenzari.
  5652 | D:6      | Noticed a steam dragon
  5653 | D:6      | Noticed a steam dragon
  5667 | D:6      | Killed a steam dragon
  5668 | D:6      | Reached skill level 7 in Axes
  5668 | D:6      | Reached XP level 8. HP: 26/69 MP: 7/7
  6115 | D:6      | Reached skill level 5 in Armour
  6154 | D:6      | Reached skill level 8 in Axes
  6207 | Temple   | Entered the Ecumenical Temple
  6224 | Temple   | Became a worshipper of Warmaster Okawaru
  6283 | D:7      | Found a blossoming altar of Fedhas.
  6407 | D:7      | Reached skill level 9 in Axes
  6474 | D:7      | Found a transporter.
  6475 | D:7      | Noticed DerHolg's ghost (novice MiBe)
  6478 | D:7      | Noticed a six-headed hydra
  6478 | D:7      | Noticed a moth of wrath
  6489 | D:7      | Found a transporter.
  6572 | D:7      | Reached XP level 9. HP: 79/79 MP: 8/8
  6582 | D:7      | Reached * piety under Okawaru
  6631 | D:7      | Reached skill level 1 in Evocations
  6742 | D:7      | Noticed a hornet
  6749 | D:7      | Killed a hornet
  6917 | D:7      | Reached skill level 10 in Axes
  7147 | D:8      | Found a basalt altar of Yredelemnul.
  7233 | D:8      | Reached ** piety under Okawaru
  7285 | D:8      | Noticed an angel
  7286 | D:8      | Found a glowing silver altar of Zin.
  7834 | D:8      | Reached skill level 11 in Axes
  8246 | D:9      | Noticed a troll
  8254 | D:9      | Killed a troll
  8255 | D:9      | Reached XP level 10. HP: 88/88 MP: 9/9
  8508 | D:9      | Reached *** piety under Okawaru
  8543 | D:9      | Found a snail-covered altar of Cheibriados.
  8545 | D:9      | Found a hide-covered altar of Uskayaw.
  8565 | D:9      | Reached skill level 1 in Throwing
  8572 | D:9      | Reached skill level 12 in Axes
  8815 | D:9      | Found a sparkling altar of Nemelex Xobeh.
  8937 | D:10     | Entered Level 10 of the Dungeon
  9113 | D:10     | Reached **** piety under Okawaru
  9231 | D:10     | Reached skill level 13 in Axes
  9271 | D:10     | Noticed a two-headed ogre
  9277 | D:10     | Killed a two-headed ogre
  9389 | D:10     | Reached skill level 14 in Axes
  9392 | D:10     | Reached XP level 11. HP: 52/97 MP: 9/9
  9463 | D:10     | Reached ***** piety under Okawaru
  9742 | Temple   | Identified a scroll of acquirement
  9742 | Temple   | Acquired the +7 executioner's axe of the Silent Majority
                  | {vorpal, *Slow Will+ Int+5 SInv}
 10121 | D:11     | Found Ozeurph's Antique Armour Shop.
 10146 | D:11     | Paralysed by a hornet for 3 turns
 10171 | D:11     | Reached skill level 10 in Fighting
 10171 | D:11     | Found Hoiba's Antique Weapon Shop.
 10316 | D:11     | Noticed a death yak
 10317 | D:11     | Noticed a death yak
 10323 | D:11     | Noticed a death yak
 10327 | D:11     | Killed a death yak
 10328 | D:11     | Reached skill level 15 in Axes
 10337 | D:11     | Killed a death yak
 10337 | D:11     | Received a gift from Okawaru
 10339 | D:11     | Killed a death yak
 10339 | D:11     | Received a gift from Okawaru
 10665 | D:11     | Got a bloodstained hat {god gift}
 10671 | D:11     | Identified the +0 hat "Yfroif" {rPois rC+ Int-2} (Okawaru
                  | gifted it to you on level 11 of the Dungeon)
 10918 | D:11     | Noticed a cyclops
 10946 | D:11     | Killed a cyclops
 10947 | D:11     | Reached skill level 16 in Axes
 11153 | D:11     | Found Jotor's Jewellery Shoppe.
 11177 | D:11     | Found a staircase to the Orcish Mines.
 11199 | D:11     | Noticed a purple ugly thing
 11205 | D:11     | Killed a purple ugly thing
 11280 | D:11     | Found Wynymih's Magic Scroll Boutique.
 11424 | D:11     | Found a staircase to the Lair.
 11886 | Orc:1    | Entered Level 1 of the Orcish Mines
 11890 | Orc:1    | Noticed an ettin
 12172 | Lair:1   | Entered Level 1 of the Lair of Beasts
 12272 | Lair:1   | Reached skill level 17 in Axes
 12272 | Lair:1   | Reached XP level 12. HP: 104/108 MP: 10/10
 13028 | Lair:2   | Noticed a four-headed hydra
 13040 | Lair:2   | Killed a four-headed hydra
 13347 | Lair:2   | Received a gift from Okawaru
 13359 | Lair:2   | Got a wavering bone ring
 13361 | Lair:2   | Identified the ring "Gisuj" {rPois Str+4 Int+2 Dex-4 SInv}
                  | (You found it on level 2 of the Lair of Beasts)
 13682 | Lair:2   | Noticed a seven-headed hydra
 13694 | Lair:2   | Killed a two-headed hydra
 13695 | Lair:2   | Reached skill level 18 in Axes
 13880 | Lair:2   | Found a staircase to the Snake Pit.
 13990 | Lair:3   | Found a transporter.
 13992 | Lair:3   | Noticed a four-headed hydra
 14003 | Lair:3   | Killed a two-headed hydra
 14048 | Lair:3   | Noticed a thrashing horror
 14068 | Lair:3   | Noticed passata's ghost (journeyman DECj)
 14071 | Lair:3   | Found a one-way gate to the infinite horrors of the Abyss.
 14135 | Lair:3   | Found a transporter.
 14179 | Lair:3   | Received a gift from Okawaru
 14466 | Lair:3   | Reached skill level 19 in Axes
 14570 | Lair:3   | Noticed a five-headed hydra
 14578 | Lair:3   | Killed a one-headed hydra
 14580 | Lair:3   | Reached ****** piety under Okawaru
 14718 | Snake:1  | Entered Level 1 of the Snake Pit
 14740 | Snake:1  | Reached XP level 13. HP: 99/118 MP: 0/11
 14904 | Snake:1  | Reached skill level 20 in Axes
 15471 | Snake:1  | Received a gift from Okawaru
 16040 | Snake:1  | Reached skill level 1 in Invocations
 16159 | Snake:1  | Reached skill level 21 in Axes
 16177 | Snake:1  | Received a gift from Okawaru
 16608 | Snake:1  | Received a gift from Okawaru
 16808 | Snake:1  | Reached XP level 14. HP: 41/130 MP: 0/13
 17856 | D:13     | Found a gate to the Vaults.
 17856 | D:13     | Noticed Urug
 17865 | D:13     | Received a gift from Okawaru
 17866 | D:13     | Reached skill level 22 in Axes
 17873 | D:13     | Killed Urug
 18332 | D:13     | Found a runed translucent door.
 18494 | D:13     | Noticed a shadow dragon
 18514 | D:13     | Killed a shadow dragon
 19003 | D:13     | Noticed a frost giant
 19019 | D:13     | Killed a frost giant
 19174 | D:13     | Found the +18 shield of the Gong {rElec rN+ Will+ EV-5}
 19314 | D:13     | Found a runed translucent door.
 19326 | D:13     | Found a runed translucent door.
 19338 | D:13     | Found a runed translucent door.
 19760 | Temple   | Acquired a +0 crystal plate armour
 19975 | D:14     | Reached skill level 23 in Axes
 19992 | D:14     | Received a gift from Okawaru
 20012 | D:14     | Noticed Jorgrun
 20449 | D:14     | Killed Jorgrun
 20450 | D:14     | Reached XP level 15. HP: 73/139 MP: 15/15
 20453 | D:14     | Reached skill level 15 in Fighting
 20459 | D:14     | Got a flickering jade ring
 20461 | D:14     | Identified the ring "Fyachey" {rC+ Int+6 Slay+2} (You found
                  | it on level 14 of the Dungeon)
 21721 | D:15     | Entered Level 15 of the Dungeon
 21947 | D:15     | Found a sacrificial altar of Ru.
 22193 | D:15     | Found Dyekawn's General Store.
 22200 | D:15     | Bought a scroll of enchant armour for 97 gold pieces
 22451 | D:15     | Found a staircase to the Depths.
 22617 | Orc:1    | Received a gift from Okawaru
 22619 | Orc:1    | Got a steaming crystal plate armour {god gift}
 22654 | D:11     | Identified the +19 crystal plate armour "Xemaicyl" {rF- rC+
                  | Str+3 Dex+3} (Okawaru gifted it to you on level 1 of the
                  | Orcish Mines)
 22748 | Orc:1    | You are sucked into a shaft and drop 1 floor!
 22748 | Orc:2    | Entered Level 2 of the Orcish Mines
 22772 | Orc:2    | Reached skill level 24 in Axes
 22961 | Orc:2    | Found an iron altar of Okawaru.
 22964 | Orc:2    | Noticed Donald
 22981 | Orc:2    | Killed Donald
 23385 | Orc:2    | Found Jeoloimp's Distillery.
 23386 | Orc:2    | Found Saepsys's General Store.
 23479 | Orc:2    | Bought a potion of heal wounds for 85 gold pieces
 23479 | Orc:2    | Bought a potion of heal wounds for 85 gold pieces
 23479 | Orc:2    | Bought a potion of haste for 170 gold pieces
 23479 | Orc:2    | Bought a potion of curing for 51 gold pieces
 23479 | Orc:2    | Bought 2 potions of invisibility for 272 gold pieces
 23479 | Orc:2    | Bought a potion of haste for 170 gold pieces
 23481 | Orc:2    | Bought a scroll of summoning for 133 gold pieces
 23911 | Orc:2    | Found Kisustug's Antique Weapon Shoppe.
 23911 | Orc:2    | Found Patreiv's Book Emporium.
 23912 | Orc:2    | Found a one-way gate leading to the halls of Pandemonium.
 23957 | Orc:2    | Found a staircase to the Elven Halls.
 24373 | Snake:2  | Noticed a nagaraja
 24379 | Snake:2  | Killed a nagaraja
 24398 | Snake:2  | Reached XP level 16. HP: 149/155 MP: 14/16
 24466 | Snake:2  | Received a gift from Okawaru
 24774 | Snake:2  | Acquired 640 gold pieces
 25167 | Snake:3  | Noticed Mara
 25170 | Snake:3  | Reached skill level 25 in Axes
 25170 | Snake:3  | Noticed a nagaraja
 25579 | Snake:3  | Killed a nagaraja
 25590 | Snake:3  | Killed Mara
 25682 | Snake:3  | Noticed Aizul
 25706 | Snake:3  | Killed Aizul
 25706 | Snake:3  | Received a gift from Okawaru
 26107 | Snake:3  | Found a burning altar of Makhleb.
 26432 | Snake:4  | Entered Level 4 of the Snake Pit
 26581 | Snake:4  | Found Xateet's Gadget Boutique.
 26608 | Snake:4  | Noticed a nagaraja
 26616 | Snake:4  | Reached XP level 17. HP: 158/166 MP: 17/17
 26859 | Snake:4  | Reached skill level 26 in Axes
 27064 | Snake:4  | Received a gift from Okawaru
 27084 | Snake:4  | Bought a wand of digging (5) for 360 gold pieces
 27444 | Snake:4  | Received a gift from Okawaru
 27445 | Snake:4  | Found the +7 pair of quick blades "Gyre" and "Gimble"
                  | {protect}
 28465 | Snake:4  | Got a serpentine rune of Zot
 28703 | Vaults:1 | Entered Level 1 of the Vaults
 28786 | Vaults:1 | Received a gift from Okawaru
 28846 | Vaults:1 | Reached XP level 18. HP: 180/180 MP: 18/18
 28898 | Vaults:1 | Received a gift from Okawaru
 28904 | Vaults:1 | Reached skill level 27 in Axes
 29296 | Vaults:1 | Reached skill level 10 in Shields
 29451 | Vaults:1 | Received a gift from Okawaru
 29874 | Vaults:1 | Acquired the ring of Fetti {rN+ Str+7}
 30292 | Vaults:2 | Noticed Sojobo
 30650 | Vaults:2 | Reached XP level 19. HP: 153/190 MP: 15/20
 30929 | Vaults:2 | Found a transporter.
 30940 | Vaults:2 | Found a transporter.
 30997 | Vaults:2 | Killed Sojobo
 30999 | Vaults:2 | Received a gift from Okawaru
 31551 | Vaults:2 | Identified the cursed +1 flail of Duammavia {elec, rElec
                  | Str+4}
 31568 | Vaults:2 | Noticed Margery
 31578 | Vaults:2 | Killed Margery
 31852 | Vaults:2 | Received a gift from Okawaru
 32586 | Vaults:3 | Reached skill level 5 in Invocations
 32865 | Vaults:3 | Received a gift from Okawaru
 32866 | Vaults:3 | Reached skill level 5 in Evocations
 33186 | Vaults:3 | Found a staircase to the Crypt.
 33186 | Vaults:3 | Found a basalt altar of Yredelemnul.
 33187 | Vaults:3 | Found an ancient bone altar of Kikubaaqudgha.
 33240 | Vaults:3 | You are sucked into a shaft and drop 1 floor!
 33338 | Vaults:4 | Paralysed by an ogre mage for 4 turns
 33344 | Vaults:4 | Reached XP level 20. HP: 173/202 MP: 19/21
 33439 | Vaults:4 | Received a gift from Okawaru
 34033 | Vaults:4 | Received a gift from Okawaru
 34055 | Vaults:4 | Reached skill level 15 in Shields
 34260 | Vaults:4 | Found Aquog's Assorted Antiques.
 34268 | Vaults:4 | Bought a potion of haste for 420 gold pieces
 34464 | Vaults:5 | Entered Level 5 of the Vaults
 34490 | Vaults:5 | Received a gift from Okawaru
 34492 | Vaults:5 | Reached skill level 10 in Armour
 34540 | Vaults:5 | Noticed a Brimstone Fiend
 34551 | Vaults:5 | Received a gift from Okawaru
 34561 | Vaults:5 | Reached XP level 21. HP: 98/213 MP: 3/22
 34578 | Vaults:5 | Noticed a golden dragon
 34603 | Vaults:5 | Killed a golden dragon
 34664 | Vaults:5 | Identified the +7 halberd of the Twelve Friars {vorpal,
                  | rElec rN++ Str+3 Int-3}
 34664 | Vaults:5 | Noticed a golden dragon
 34677 | Vaults:5 | Killed a golden dragon
 34728 | Vaults:5 | Found Riosir's Gadget Emporium.
 35030 | Vaults:5 | Identified the +11 glaive of Ynwie {holy, rF- rC++ Int+6}
 35061 | Vaults:5 | Received a gift from Okawaru
 35063 | Vaults:5 | Got a translucent scale mail {god gift}
 35067 | Vaults:5 | Identified the +3 scale mail "Bauw Wirae" {Str+2} (Okawaru
                  | gifted it to you on level 5 of the Vaults)
 35162 | Vaults:5 | Noticed a golden dragon
 35173 | Vaults:5 | Killed a golden dragon
 35196 | Vaults:5 | Noticed an ancient lich
 35200 | Vaults:5 | Identified the +6 flail "Marvel's Peril" {antimagic, rPois
                  | Int+3 Stlth-}
 35200 | Vaults:5 | Cast into level 5 of the Abyss (an ancient lich)
 35200 | Abyss:5  | Entered Level 5 of the Abyss
 35205 | Abyss:5  | Found a runed translucent door.
 35236 | Abyss:5  | Found a runed translucent door.
 35320 | Vaults:5 | Escaped the Abyss
 35328 | Vaults:5 | Killed an ancient lich
 35334 | Vaults:5 | Reached XP level 22. HP: 89/224 MP: 8/24
 36188 | Vaults:5 | Got a silver rune of Zot
 36330 | Vaults:5 | Identified the Incunabulum of Darkness and the Volcanoes
 36378 | Vaults:5 | Got an iridescent hunting sling
 36379 | Vaults:5 | Identified the +0 hunting sling of Eruin {freeze, rPois rN+
                  | Int+5} (You found it on level 5 of the Vaults)
 36432 | Vaults:5 | Acquired 1256 gold pieces
 36437 | Vaults:5 | Got a translucent helmet
 36449 | Vaults:5 | Identified the cursed +0 helmet of the Journeyman {rElec
                  | rCorr} (You found it on level 5 of the Vaults)
 37273 | Temple   | Reached XP level 23. HP: 234/234 MP: 26/26
 37474 | Elf:1    | Entered Level 1 of the Elven Halls
 37481 | Elf:1    | Received a gift from Okawaru
 37629 | Elf:1    | Noticed Frances
 37648 | Elf:1    | Killed Frances
 38086 | Elf:1    | Found Seamam's Antique Armour Emporium.
 38279 | Elf:2    | Noticed Asterion
 38296 | Elf:2    | Killed Asterion
 38341 | Elf:2    | Received a gift from Okawaru
 38384 | Elf:2    | Received a gift from Okawaru
 38686 | Elf:2    | Found a runed translucent gate.
 38686 | Elf:2    | Found a runed translucent gate.
 38688 | Elf:2    | Found a runed translucent gate.
 38945 | Elf:2    | Found Feobaneb's Armour Shoppe.
 39082 | Elf:2    | Noticed Azrael
 39112 | Elf:2    | Killed Azrael
 39512 | Elf:3    | Entered Level 3 of the Elven Halls
 39646 | Elf:3    | Identified the +6 rapier of Checks and Balances {speed,
                  | rPois Dex+4}
 39814 | Elf:3    | Reached XP level 24. HP: 212/245 MP: 24/26
 40044 | Elf:3    | Identified the cursed +0 war axe of Cheibriados's Pride
                  | {pain, rC+ Str+5}
 40138 | Elf:3    | Identified the +6 dire flail of the Warrior {venom, rPois
                  | Will+ Int+3 Stlth+}
 40438 | Elf:3    | Received a gift from Okawaru
 40730 | Elf:3    | Found the +9 heavy crossbow "Sniper" {vorpal, Acc+∞ SInv}
 41115 | Elf:3    | Found the +2 cloak of the Thief {*Fog Slay-2 SInv Stlth+}
 41121 | Elf:3    | Identified the Disquisition on Creation and Beguiling
 41124 | Elf:3    | Identified Sif Muna's Catalogue of the Oath
 41888 | Crypt:1  | Entered Level 1 of the Crypt
 42025 | Crypt:1  | Found a basalt altar of Yredelemnul.
 42415 | Crypt:1  | Found a runed translucent door.
 42517 | Crypt:1  | Noticed Romeicir's ghost (veteran FoFi)
 42824 | Crypt:1  | Killed Romeicir's ghost
 42961 | Crypt:2  | Noticed Khufu
 43145 | Crypt:2  | Noticed a royal mummy
 43145 | Crypt:2  | Noticed a royal mummy
 43412 | Crypt:2  | Received a gift from Okawaru
 43413 | Crypt:2  | Got a warped war axe {god gift}
 43424 | Crypt:1  | Identified the +8 war axe "Bung" {distort, *Corrode Str+3
                  | Dex+4} (Okawaru gifted it to you on level 2 of the Crypt)
 43482 | Crypt:2  | Noticed Saint Roka
 43507 | Crypt:2  | Killed Saint Roka
 43541 | Crypt:2  | Killed a royal mummy
 43561 | Crypt:2  | Killed a royal mummy
 43566 | Crypt:2  | HP: 17/370 [??? (9)]
 43569 | Crypt:2  | HP: 7/247 [Khufu/+0 scimitar (6)]
 43569 | Crypt:2  | HP: 1/247 [jiangshi[Khufu] (6)]
 43570 | Crypt:2  | Mangled by a jiangshi

Illustrated notes

Levels and vault maps discovered:
D:1:      sevenhm_arrival_forest_fort_large_2, layout_loops_ring
D:2:      layout_basic, lemuel_coloured_pillars_altar
D:3:      layout_rooms, nicolae_ru_the_path_less_chosen
D:4:      kennysheep_goblin_castle, layout_cave_pools, elyvilon_altar_3,
          minmay_starry_boxes, uniq_duvessa
D:5:      layout_cave_pods
D:6:      kennysheep_steamy, layout_rooms, minmay_temple_entry_tees,
          nicolae_ossuary_entry_catacombs, nicolae_ashenzari_panopticon,
          uniq_pikel
D:7:      layout_basic, serial_rivers, chequers_serial_rivers_micro_d,
          chequers_serial_rivers_large_a, chequers_serial_rivers_room_a,
          chequers_serial_rivers_marsh, gammafunk_ghost_berserking_beasts,
          fedhas_altar_1
D:8:      layout_basic, nicolae_overflow_crystal_walls, zin_angel,
          roderic_serpentine_path, small_statue_intersection,
          small_statue_intersection
D:9:      layout_loops_ring, nicolae_overflow_hidden_temple
D:10:     layout_loops_ring
D:11:     layout_loops_ring, dpeg_lair_monsters, hiddenorc1_lemuel,
          serial_shops, shop, shop, shop, shop, kennysheep_opposing_triangles
D:12:     layout_rooms, minivault_21
D:13:     minmay_octo_star, layout_cave_pools, david_vaults_3,
          minmay_statue_crystal_thing
D:14:     layout_layer_cave, minmay_misc_feat_square, uniq_jorgrun
D:15:     hangedman_depths_entry_try_elsewhere_first, layout_rooms,
          minmay_misc_feat_rows, serial_shops, shop, amcnicky_altar_gilded
Temple:   eino_temple_lava
Lair:1:   layout_hall_layers, grunt_megastairs_4
Lair:2:   layout_cave_shapes, guppyfry_snake_entry_garden,
          infiniplex_staircase_pool, lemuel_fruit_fields
Lair:3:   layout_long_grid, gammafunk_ghost_abyssal_escape
Snake:1:  layout_honeycomb
Snake:2:  layout_layer_cave
Snake:3:  layout_cave_shapes, basic_altar, uniq_aizul, uniq_mara
Snake:4:  grunt_snake_rune_serpentine_throne, layout_layer_cave, serial_shops,
          nicolae_shop_temple_entry_statues_fountains, grunt_ministairs_2
Orc:1:    layout_caves
Orc:2:    pf_orc_diabolical, layout_diamond_mine, okawaru_metal_pillars_1_2,
          uniq_donald
Elf:1:    minmay_elf_arrival_plus, layout_geoelf_diagonals, serial_shops, shop,
          hangedman_elf_represent, uniq_frances
Elf:2:    layout_gridlike, serial_shops, shop, minivault_16, uniq_azrael,
          uniq_asterion
Elf:3:    grunt_elf_hall_spiral, layout_loops_corners, serial_aquarium,
          aquarium_bridge_long_joined [aquarium_subvault_window,
          aquarium_subvault_bridge, aquarium_subvault_wall,
          aquarium_subvault_bridge, aquarium_subvault_bridge,
          aquarium_subvault_bridge], aquarium_window_2, aquarium_window_2,
          aquarium_window_1, aquarium_window_fake, aquarium_view_2e,
          aquarium_balcony_3b, nicolae_elf_glass_and_crystal_pillar_2,
          dk_noncrumbling_3
Vaults:1: nicolae_vaults_network_quinsquares
          [nicolae_vaults_network_quincunx_subvault,
          nicolae_vaults_network_quincunx_subvault,
          nicolae_vaults_network_quincunx_subvault,
          nicolae_vaults_network_quincunx_subvault], grunt_vaults_bifocal,
          vaults_dpeg_ring, nicolae_vaults_little_squares_6,
          ontoclasm_vaults_loading_screen, hangedman_vaults_impose,
          ontoclasm_vaults_ring_square, nicolae_vaults_theta,
          nicolae_vaults_yaktaur_gun_rack, v_alt_pattern_3,
          vaults_room_hangedman_quadrants, nicolae_vaults_little_ls,
          ontoclasm_vaults_ligature, dpeg_vaults_monster_box,
          vaults_room_semicircle, layout_vaults_ring
Vaults:2: nicolae_vaults_diagonal_hallway_8,
          nicolae_vaults_windows_and_doors_thing, nicolae_vaults_triangles,
          nicolae_vaults_little_squares_2, gammafunk_sealed_arena, v_misc_18,
          v_misc_27, grunt_vaults_swirl, v_rooms_2, grunt_vaults_hallway_long,
          v_misc_13, vaults_dpeg_hooks, layout_vaults_omnicross, uniq_margery,
          uniq_sojobo
Vaults:3: minmay_crypt_entry_necro_gods, v_rooms_3, vaults_dpeg_cross,
          hangedman_vaults_locks, vaults_mumra_lcd, hangedman_vaults_cutoff,
          ontoclasm_vaults_bender, ontoclasm_vaults_gallery,
          ontoclasm_vaults_loading_screen, nicolae_vaults_border_crossing,
          layout_vaults_quadrants
Vaults:4: hangedman_vaults_unwind, ontoclasm_vaults_ring_square,
          vaults_dpeg_encased_lava, hangedman_vaults_impose,
          ontoclasm_vaults_ring_small, layout_vaults_chaotic_city, serial_shops,
          nicolae_shop_waterfront
Vaults:5: serial_shops
Crypt:1:  layout_gridlike, serial_corexii_hall, corexii_hall_statues_u,
          corexii_hall_statues_l, chequers_hall_statues_wall_a,
          corexii_hall_statues_x, ebering_ghost_reflecting_pool,
          lemuel_hellish_altar, grunt_crypt_arrival_split
Crypt:2:  layout_misc_corridors, minicrypt_bobbens, uniq_saint_roka, uniq_khufu,
          uniq_boris

Skill      XL: |  1  2  3  4  5  6  7  8  9 10 11 12 13 14 15 16 17 18 19 20 21 22 23 24 |
---------------+-------------------------------------------------------------------------+-----
Axes           | 3 4 5 6 7 9 11 14 17 19 21 23 24 25 26 27 | 27.0
Shields        | 4 5 6 7 11 13 15 17 18 19 21 | 21.2
Fighting       | 4 5 7 8 9 10 12 13 14 17 18 20 21 22 23 24 25 26 | 26.6
Armour         | 4 5 6 7 9 10 11 12 | 12.7
Stealth        | 1 |  1.3
Dodging        | 1 2 |  2.2
Evocations     | 2 3 4 5 |  5.7
Throwing       | 1 |  1.9
Invocations    | 1 2 3 4 5 7 8 9 |  9.7

Action                   |  1- 3 |  4- 6 |  7- 9 | 10-12 | 13-15 | 16-18 | 19-21 | 22-24 || total
-------------------------+-------+-------+-------+-------+-------+-------+-------+-------++-------
Melee: War axe           |   148 |   179 |   367 |   209 |       |       |       |    64 ||   967
       Executioner's axe |       |       |       |   237 |   281 |       |       |       ||   518
       Broad axe         |       |       |       |    14 |   411 |   734 |   695 |   789 ||  2643
Throw: Boomerang         |       |       |     9 |    58 |    24 |    28 |    12 |     7 ||   138
       Throwing net      |       |       |     1 |       |       |       |       |       ||     1
Invok: Heroism           |       |       |       |       |    11 |     9 |       |     1 ||    21
       Finesse           |       |       |       |       |       |       |     9 |     7 ||    16
Evoke: Wand              |       |       |    12 |    17 |     1 |     2 |       |     3 ||    35
       Lightning rod     |       |       |       |     5 |    11 |     4 |     4 |       ||    24
       Phial of floods   |       |       |       |       |       |       |     1 |       ||     1
  Use: Potion            |       |     5 |     2 |     3 |     1 |       |     3 |     7 ||    21
       Scroll            |       |       |       |    29 |    14 |     5 |    10 |     7 ||    65
 Stab: Distracted        |       |       |       |       |     1 |       |       |     1 ||     2
Armor: Scale mail        |    47 |    93 |    11 |       |       |       |       |       ||   151
       Plate armour      |       |       |   178 |   237 |   165 |       |       |       ||   580
       Crystal plate arm |       |       |       |       |   108 |   305 |   209 |   163 ||   785
Dodge: Dodged            |    38 |    54 |   129 |   273 |   224 |    59 |    31 |    28 ||   836
Block: Kite shield       |    81 |   106 |   186 |    91 |   463 |   976 |   740 |   721 ||  3364
